 Dungeon Crawl Stone Soup version 0.20-a0-1000-g0e8f6bb (webtiles) character file.

13117 Hybris the Carver (level 12, -22/94 HPs)
             Began as a Human Fighter on Apr 12, 2017.
             Was an Elder of Elyvilon.
             Annihilated by an ettin
             ... wielding a +4 dire flail of crushing
              (37 damage)
             ... on level 10 of the Dungeon.
             The game lasted 00:31:56 (11764 turns).

Hybris the Carver (Human Fighter)                  Turns: 11764, Time: 00:31:56

Health: -22/94     AC: 13    Str: 26      XL:     12   Next: 28%
Magic:  17/17      EV:  8    Int: 10      God:    Elyvilon [****..]
Gold:   532        SH: 20    Dex: 13 (15) Spells: 11/11 levels left

rFire    . . .     SeeInvis +   E - +4 falchion of Watchfulness {freeze, -Tele rN++ MR+ SInv}
rCold    . . .     Gourm    .   s - +3 large shield
rNeg     + + .     Faith    .   D - +0 plate armour
rPois    .         Spirit   .   (no helmet)
rElec    +         Reflect  .   t - +0 cloak
rCorr    .         Harm     .   K - +0 pair of gloves
MR       ++...     NoTele   +   (no boots)
Stlth    ..........             J - amulet of regeneration
Regen    0.7/turn               o - +5 ring of strength
MPRegen  0.2/turn               N - ring of protection from magic

@: agile, protection
A: clumsy 1, electricity resistance
a: Lesser Healing, Heal Other, Purification, Greater Healing, Divine Protection,
Renounce Religion


You were on level 10 of the Dungeon.
You worshipped Elyvilon.
Elyvilon was greatly pleased with you.
You were hungry.

You visited 2 branches of the dungeon, and saw 11 of its levels.
You also visited: Sewer.

You collected 772 gold pieces.
You spent 240 gold pieces at shops.

Inventory:

Hand Weapons
 a - a +1 long sword
 E - the +4 falchion of Watchfulness (weapon) {freeze, -Tele rN++ MR+ SInv}
   (You bought it in a shop on level 9 of the Dungeon)

   It has been specially enchanted to freeze those struck by it, causing extra
   injury to most foes and up to half again as much damage against particularly
   susceptible opponents.
   It can also slow down cold-blooded creatures.
   It greatly protects you from negative energy.
   It affects your resistance to hostile enchantments.
   It lets you see invisible.
   It prevents most forms of teleportation.
 T - a +4 great sword
Missiles
 n - 10 tomahawks (quivered)
 y - 3 tomahawks of returning
Armour
 s - a +3 large shield (worn)
 t - a +0 cloak (worn)
 D - a +0 plate armour (worn)
 K - a +0 pair of gloves (worn)
Jewellery
 o - a +5 ring of strength (left hand)
 J - an amulet of regeneration (around neck)
 N - a ring of protection from magic (right hand)
Wands
 c - a wand of iceblast (6/15)
 r - a wand of acid (10/15)
 v - a wand of digging (5/24)
 C - a wand of paralysis (13/24)
 G - a wand of polymorph (20/24)
 L - a wand of scattershot (5/9)
 O - a wand of flame (32/48)
 P - a wand of iceblast (7/15)
 Q - a wand of lightning (5/15)
Scrolls
 b - 2 scrolls of amnesia
 d - a scroll of blinking
 g - 6 scrolls of teleportation
 h - 2 scrolls of identify
 k - 4 scrolls of remove curse
 B - a scroll of enchant weapon
 I - 3 scrolls of fog
 U - a scroll of recharging
Potions
 e - 4 potions of curing
 i - a potion of agility
 j - 3 potions of mutation
 l - 2 potions of resistance {unknown}
 p - 2 potions of degeneration {unknown}
 u - a potion of magic {unknown}
 w - a potion of ambrosia {unknown}
 x - 3 potions of haste
 z - 3 potions of brilliance
 F - a potion of berserk rage {unknown}
 H - 4 potions of flight {unknown}
 M - a potion of invisibility {unknown}
Books
 S - a book of Misfortune

   Spells                             Type                      Level
   a - Confusing Touch                Hexes                        1
   b - Confuse                        Hexes                        3
   c - Gell's Gravitas                Translocation                3
   d - Petrify                        Transmutation/Earth          4
   e - Metabolic Englaciation         Hexes/Ice                    5
   f - Yara's Violent Unravelling     Hexes/Transmutation          5
Comestibles
 f - 13 bread rations
 m - 5 meat rations
 q - 4 royal jellies
 A - 4 fruits
 R - 5 chunks of flesh


   Skills:
 + Level 8.3 Fighting
 * Level 13.6 Long Blades
 - Level 3.0 Armour
 + Level 8.3 Shields
 + Level 7.4 Invocations


You had 11 spell levels left.
You didn't know any spells.

Dungeon Overview and Level Annotations

Branches:
Dungeon (10/15)            Temple (0/1) D:5            Lair (1/6) D:9
    Orc: D:9-12

Altars:
Dithmenos
Elyvilon
Gozag
Hepliaklqana
Kikubaaqudgha
Makhleb
Nemelex Xobeh
Okawaru
Qazlal
Vehumet
Xom
Zin

Shops:
D:8 (   D:9 }((:


Innate Abilities, Weirdness & Mutations

You are clumsy. (Dex -2)
You are resistant to electric shocks. (rElec)


Message History

You block the ettin's attack. The ettin hits you with a great mace.
* * * LOW HITPOINT WARNING * * *
You block the ettin's attack. x2
There is an open door, spattered with blood here.
Things that are here:
a dagger of protection; an embroidered robe The ettin hits you but does no damage.
You block the ettin's attack. You block the ettin's attack. x2
Your divine protection fades away.
You beseech Elyvilon to protect your life.
The ettin hits you with a dire flail of crushing!!
Elyvilon protects you from harm!
* * * LOW HITPOINT WARNING * * *
The ettin hits you with a great mace!! Elyvilon protects you from harm!
Your divine protection fades away.
You are feeling hungry.
You beseech Elyvilon to protect your life.
The ettin hits you with a dire flail of crushing!!!
You die...

......)......#........#######....
......#......#........#.....'....
.....(#......#.##'###.#.....#....
......#......#.#....#.#.....#....
.รท....########.#...>#.#.....#....
.....((........#....#.#.....#..(.
...............#....#.#######....
.....(.........######...Z.#........#.#.........(.....#5.
...#........#.#...........#####..
...###......#.#...........#...... .....#......#
#...........'....C.


You could see an ettin.

Vanquished Creatures
  Josephine (D:10)
  2 two-headed ogres
  An unseen horror (D:10)
  2 centaur zombies
  Psyche (D:8)
  A spiny frog (Lair:1)
  2 trolls
  2 hornets (D:10)
  A spriggan (D:7)
  A shadow (D:10)
  4 wraiths (D:10)
  2 wyverns
  10 yaks
  Eustachio (D:4)
  6 porcupines
  4 black bears (D:9)
  2 ice beasts
  3 sky beasts
  2 orc warriors
  A necrophage (D:6)
  3 ogres
  3 phantoms
  6 centaurs
  5 crocodiles
  A big kobold (D:9)
  4 bullfrogs
  A wyvern skeleton (D:8)
  A water moccasin skeleton (D:6)
  10 killer bees
  4 wights (D:10)
  3 howler monkeys (D:7)
  6 crimson imps
  2 quasits
  2 jellies (D:6)
  5 orc priests
  Crazy Yiuf (D:2)
  3 hounds
  4 bullfrog skeletons
  A centaur skeleton (D:4)
  Ijyb (D:4)
  2 iguanas
  4 orc wizards
  8 worker ants
  A hound zombie (D:7)
  2 hound skeletons
  A howler monkey zombie (D:8)
  7 gnolls
  14 adders
  2 shadow imps
  3 adder zombies
  2 adder skeletons
  3 worms
  3 dart slugs
  7 leopard geckos
  29 orcs
  8 giant cockroaches
  6 goblins
  10 hobgoblins
  8 jackals
  4 quokkas
  4 ball pythons
  4 bats
  12 frilled lizards
  16 kobolds
  A leopard gecko zombie (D:7)
  A quokka skeleton (D:7)
  8 rats
  2 plants (D:9)
287 creatures vanquished.

Vanquished Creatures (others)
  A fungus (D:9)
1 creature vanquished.

Grand Total: 288 creatures vanquished

Notes
Turn   | Place    | Note
-------+----------+-------------------------------------------
     0 | D:1      | Hybris the Human Fighter began the quest for the Orb.
     0 | D:1      | Reached XP level 1. HP: 18/18 MP: 1/1
   380 | D:1      | Reached XP level 2. HP: 24/24 MP: 2/2
   999 | D:2      | Reached skill level 3 in Long Blades
   999 | D:2      | Reached XP level 3. HP: 27/29 MP: 3/3
  1039 | D:2      | Found a runed door.
  1160 | D:2      | Found a shimmering altar of Xom.
  1162 | D:2      | Found a shimmering altar of Xom.
  1163 | D:2      | Found a shimmering altar of Xom.
  1183 | D:2      | Found a shimmering altar of Xom.
  1502 | D:2      | Reached XP level 4. HP: 35/35 MP: 4/4
  1557 | D:2      | Reached skill level 4 in Long Blades
  1897 | D:2      | Noticed Crazy Yiuf
  1905 | D:2      | Killed Crazy Yiuf
  1905 | D:2      | Reached XP level 5. HP: 12/42 MP: 5/5
  2375 | D:3      | Found a glowing drain.
  2400 | Sewer    | Entered a sewer
  3201 | D:3      | Found a burning altar of Makhleb.
  3201 | D:3      | Found a radiant altar of Vehumet.
  3215 | D:3      | Reached skill level 5 in Long Blades
  3215 | D:3      | Reached XP level 6. HP: 46/48 MP: 6/6
  3312 | D:3      | Found an ancient bone altar of Kikubaaqudgha.
  3791 | D:3      | Noticed an ogre
  3803 | D:3      | Killed an ogre
  3803 | D:3      | Reached XP level 7. HP: 18/55 MP: 7/7
  4125 | D:3      | Reached skill level 6 in Long Blades
  4404 | D:4      | Reached skill level 5 in Fighting
  4579 | D:4      | Noticed Ijyb
  4584 | D:4      | Noticed Eustachio
  4598 | D:4      | Killed Ijyb
  4636 | D:4      | Killed Eustachio
  4636 | D:4      | Reached skill level 7 in Long Blades
  4636 | D:4      | Reached XP level 8. HP: 43/63 MP: 8/8
  4922 | D:4      | Found a white marble altar of Elyvilon.
  4943 | D:4      | Became a worshipper of Elyvilon the Healer
  5381 | D:5      | Entered Level 5 of the Dungeon
  5505 | D:5      | Found a staircase to the Ecumenical Temple.
  5528 | D:5      | Reached skill level 8 in Long Blades
  5916 | D:5      | Found a sparkling altar of Nemelex Xobeh.
  5986 | D:5      | Reached * piety under Elyvilon
  6326 | D:6      | Noticed a yak
  6328 | D:6      | Noticed a yak
  6328 | D:6      | Noticed a yak
  6328 | D:6      | Noticed a yak
  6328 | D:6      | Noticed a yak
  6368 | D:6      | Killed a yak
  6368 | D:6      | Reached XP level 9. HP: 53/70 MP: 9/9
  6378 | D:6      | Reached skill level 9 in Long Blades
  6494 | D:6      | Found a white marble altar of Elyvilon.
  6821 | D:6      | Found a shadowy altar of Dithmenos.
  6824 | D:6      | Found an opulent altar of Gozag.
  6835 | D:6      | Reached skill level 10 in Long Blades
  6846 | D:6      | Found a hazy altar of Hepliaklqana.
  6849 | D:6      | Reached ** piety under Elyvilon
  6849 | D:6      | Found an iron altar of Okawaru.
  6982 | D:6      | Noticed an angel
  6983 | D:6      | Found a glowing silver altar of Zin.
  7498 | D:7      | Reached skill level 5 in Shields
  7498 | D:7      | Reached skill level 1 in Invocations
  7511 | D:7      | Reached XP level 10. HP: 79/79 MP: 11/11
  7776 | D:8      | Reached *** piety under Elyvilon
  7869 | D:8      | Noticed a two-headed ogre
  7888 | D:8      | Killed a two-headed ogre
  7888 | D:8      | Reached skill level 11 in Long Blades
  7925 | D:8      | Noticed Psyche
  7948 | D:8      | Killed Psyche
  8881 | D:9      | Noticed a two-headed ogre
  8900 | D:9      | Killed a two-headed ogre
  8913 | D:9      | Reached XP level 11. HP: 30/84 MP: 14/14
  8979 | D:9      | Reached skill level 12 in Long Blades
  9004 | D:9      | Found Unulumu's Antique Weapon Shop.
  9058 | D:9      | Reached skill level 5 in Invocations
  9421 | D:9      | Found a staircase to the Lair.
  9491 | D:9      | Bought a dazzling falchion for 240 gold pieces
  9491 | D:9      | Identified the +4 falchion of Watchfulness {freeze, -Tele rN++ MR+ SInv} (You bought it in a shop on level 9 of the Dungeon)
  9506 | D:9      | Identified a scroll of acquirement
  9509 | D:9      | Got a distressingly furry buckler
  9520 | D:9      | Identified the +0 buckler of Jellaqu {rN++ MP+9} (You acquired it on level 9 of the Dungeon)
  9755 | D:9      | Found Utuimp's Weapon Shoppe.
  9789 | D:9      | Found Silemn's Gadget Shop.
  9908 | D:9      | Found a stormy altar of Qazlal.
  9940 | D:9      | Found Qasi's Book Shoppe.
  9947 | D:9      | Reached **** piety under Elyvilon
 10218 | D:10     | Entered Level 10 of the Dungeon
 10306 | Lair:1   | Entered Level 1 of the Lair of Beasts
 10584 | Lair:1   | Noticed a seven-headed hydra
 10675 | D:9      | Reached skill level 13 in Long Blades
 10824 | D:10     | Noticed an unseen horror
 10838 | D:10     | Killed an unseen horror
 11086 | D:10     | Reached XP level 12. HP: 59/92 MP: 17/17
 11219 | D:10     | Gained mutation: You are clumsy. (Dex -2) [potion of mutation]
 11219 | D:10     | Gained mutation: You are resistant to electric shocks. (rElec) [potion of mutation]
 11307 | D:10     | Noticed a fire dragon
 11309 | D:10     | Noticed an ettin
 11309 | D:10     | Noticed a fire giant
 11338 | D:10     | Noticed a hell knight
 11664 | D:10     | Noticed Josephine
 11708 | D:10     | Killed Josephine
 11736 | D:10     | HP: 3/94 [ettin/dire flail of crushing (7)]
 11751 | D:10     | Elyvilon protects you from harm!
 11751 | D:10     | Elyvilon protects you from harm!
 11764 | D:10     | Annihilated by an ettin

Vault maps used:
D:1:      minmay_arrival_four_circles, minivault_5, patterned_corridor
D:2:      serial_glass, glass_columns_a, glass_columns_a, glass_columns_b,
          glass_columns_a, glass_columns_a, glass_columns_b, xom_redecorated,
          uniq_crazy_yiuf_cottage
D:3:      grunt_temple_overflow_lords_of_destruction, lemuel_crystal_altar,
          cheibrodos_sewer_entry_drain
D:4:      kennysheep_little_box, kennysheep_small_circle, uniq_iyjb,
          uniq_eustachio
D:5:      minmay_temple_entry_statues_fountains, first_bread,
          minmay_misc_feat_iff, nemelex_spade_bored_becter
D:6:      zin_angel, grunt_temple_overflow_cloverleaf,
          roderic_cross_of_infinity, elyvilon_altar_5
D:7:      the_bakery
D:8:      uniq_psyche
D:9:      marbit_many_paths, minmay_lair_entry_grove, serial_shops,
          nicolae_shop_statue_plus, nicolae_shop_behind_doors, shop, shop
D:10:     minmay_the_grid_square_5x5_4x4, uniq_josephine
Lair:1:   serial_bayou_pond_d, cheibrodos_lair_lostbears
Sewer:    sewer_co_cracked_pipes

Skill      XL: |  1  2  3  4  5  6  7  8  9 10 11 12 |
---------------+-------------------------------------+-----
Long Blades    | 3 4 5 7 8 10 11 13 | 13.6
Fighting       | 4 5 6 7 8 |  8.3
Shields        | 5 6 8 |  8.3
Invocations    | 1 4 6 7 |  7.4
Armour         | |  3.0

Action                   |  1- 3 |  4- 6 |  7- 9 | 10-12 || total
-------------------------+-------+-------+-------+-------++-------
Melee: Long sword        |   101 |   290 |   425 |   358 ||  1174
       Falchion          |       |       |       |   510 ||   510
Throw: Tomahawk          |       |       |       |     7 ||     7
Invok: Lesser Healing    |       |       |       |     2 ||     2
       Greater Healing   |       |       |       |     1 ||     1
       Divine Protection |       |       |       |     3 ||     3
  Use: Potion            |       |     5 |     3 |     4 ||    12
       Scroll            |       |       |    12 |     7 ||    19
  Eat: Chunk             |     2 |     8 |    11 |    13 ||    34
       Royal jelly       |       |       |     1 |     1 ||     2
Armor: Scale mail        |    46 |    91 |     5 |       ||   142
       Plate armour      |       |       |   143 |   384 ||   527
Dodge: Dodged            |    21 |    47 |    19 |    71 ||   158
Block: Shield            |    41 |     2 |       |       ||    43
       Large shield      |    15 |   236 |   389 |   901 ||  1541
       Rpst.: Long sword |     8 |    13 |     3 |     9 ||    33
       Falchion          |       |       |       |     3 ||     3
